 Dungeon Crawl Stone Soup version 0.19.1 (webtiles) character file.

71 Ice the Ducker (level 4, -1/39 HPs)
             Began as a Minotaur Berserker on Dec 9, 2016.
             Was a Believer of Trog.
             Killed from afar by Sigmund (9 damage)
             ... with a puff of flame
             ... on level 2 of the Dungeon.
             The game lasted 00:05:19 (1397 turns).

Ice the Ducker (Minotaur Berserker)                 Turns: 1397, Time: 00:05:19

Health: -1/39      AC:  5    Str: 21    XL:     4   Next: 5%
Magic:  3/3        EV: 19    Int:  4    God:    Trog [**....]
Gold:   71         SH:  0    Dex: 16    Spells: 0 memorised, 3 levels left

rFire  . . .     SeeInvis .     a - +0 mace
rCold  . . .     Gourm    .     e - +0 ring mail
rNeg   . . .     Faith    .     (no shield)
rPois  .         Spirit   .     (helmet restricted)
rElec  .         Reflect  .     (no cloak)
rCorr  .         Harm     .     (no gloves)
MR     .....                    (no boots)
Stlth  ++........               (no amulet)
                                (no ring)
                                (no ring)

@: agile, exhausted, about to teleport, slowed, very slow
A: retaliatory headbutt, horns 2
a: Berserk, Trog's Hand, Burn Spellbooks, Renounce Religion


You were on level 2 of the Dungeon.
You worshipped Trog.
Trog was pleased with you.
You were near starving.

You visited 1 branch of the dungeon, and saw 2 of its levels.

You collected 71 gold pieces.

Inventory:

Hand Weapons
 a - a +0 mace (weapon)
 o - a +0 hunting sling
Missiles
 d - 128 stones (quivered)
 g - 31 poisoned needles
 n - 10 arrows
Armour
 e - a +0 ring mail (worn)
Scrolls
 f - a scroll of remove curse {unknown}
 j - a scroll of noise {unknown}
 k - 2 scrolls of identify {unknown}
 l - 2 scrolls of enchant weapon {unknown}
Potions
 i - 2 potions of haste {unknown}
 m - 2 potions of mutation {unknown}
 p - 2 potions of curing {unknown}
 q - a potion of flight {unknown}
 r - a potion of resistance {unknown}
Comestibles
 c - a bread ration
 s - 3 chunks of flesh


   Skills:
 - Level 3.6 Fighting
 - Level 3.6 Maces & Flails
 - Level 2.4 Armour
 + Level 4.8 Dodging


You had 3 spell levels left.
You didn't know any spells.

Dungeon Overview and Level Annotations

Branches:
Dungeon (2/15)

Altars:

Annotations:
D:2 Sigmund


Innate Abilities, Weirdness & Mutations

You reflexively headbutt those who attack you in melee.
You have a pair of horns on your head.


Message History

Trog accepts your kill.
You bump into the rock wall.
You hear some strange, mumbled words.
A puff of flame appears from out of thin air!
The puff of flame misses you.
You feel a strong urge to attack something.
You're too confused to move!
You are no longer berserk.
You are exhausted.
You feel yourself slow down. Something hits you but does no damage.
You're too confused!
It was a potion of agility.
You feel agile all of a sudden.
You feel less confused. Something barely misses you.
As you read the scroll of teleportation, it crumbles to dust.
You feel strangely unstable.
You hear some strange, mumbled words.
A puff of flame appears from out of thin air!
The puff of flame hits you!
You die...

.#
####.##.##.###
##
#....##......#
###.##.#####.#.#
#...)......).#.#
#.....########.#
#.....########.#
#.....##...†.#.#
#.....# ###†#.#
####### #.@...#
#.#.### #.#.#
....# ##.### ..
###


There were no monsters in sight!

Vanquished Creatures
  2 adders (D:2)
  2 oozes
  A leopard gecko (D:2)
  5 bats
  4 giant cockroaches
  5 hobgoblins
  7 jackals (D:1)
  A quokka (D:2)
  2 ball pythons (D:2)
  3 frilled lizards
  2 goblins (D:1)
  5 kobolds
  A rat (D:2)
40 creatures vanquished.

Notes
Turn   | Place    | Note
-------+----------+-------------------------------------------
     0 | D:1      | Ice the Minotaur Berserker began the quest for the Orb.
     0 | D:1      | Reached XP level 1. HP: 19/19 MP: 0/0
   222 | D:1      | Reached skill level 3 in Dodging
   222 | D:1      | Reached XP level 2. HP: 21/26 MP: 1/1
   760 | D:1      | Reached XP level 3. HP: 31/31 MP: 2/2
  1001 | D:2      | Reached skill level 4 in Dodging
  1115 | D:2      | Reached ** piety under Trog
  1308 | D:2      | Reached XP level 4. HP: 39/39 MP: 3/3
  1368 | D:2      | Noticed Sigmund
  1397 | D:2      | Killed from afar by Sigmund

Skill      XL: |  1  2  3 |
---------------+----------+-----
Dodging        | 3 4 |  4.8
Fighting       | |  3.6
Maces & Flails | |  3.6
Armour         | |  2.4

Action                   |  1- 3 |  4- 6 || total
-------------------------+-------+-------++-------
Melee: Mace              |    67 |    16 ||    83
       Headbutt          |     8 |       ||     8
 Fire: Hunting sling     |    23 |     1 ||    24
Throw: Stone             |    40 |       ||    40
Invok: Berserk           |       |     1 ||     1
  Use: Scroll            |     1 |     1 ||     2
       Potion            |       |     1 ||     1
  Eat: Chunk             |     1 |       ||     1
Armor: Ring mail         |    26 |     5 ||    31
Dodge: Dodged            |    60 |    10 ||    70
